Map: Polka LE

Players

Massa - Winner!

  • Race: Terran Terran
  • League: Platinum
  • Spawn Location: 5:00

qqq - Winner!

  • Race: Protoss Protoss
  • League: Platinum
  • Spawn Location: 5:00

Ishtar

  • Race: Zerg Zerg
  • League: Diamond
  • Spawn Location: 11:00

NastyNoob

  • Race: Zerg Zerg
  • League: Diamond
  • Spawn Location: 11:00

VOD

Have the link to the VOD?

Description

Time

  • Played on: Dec. 11, 2020, 4:45 p.m.
  • Length: 13:50
Show
View Real Time Build Order
Export as new Build Order

Massa Terran - Winner!

Build Orders: 1/1/1, 2 Factory, Hellion Banshee 

Get SALT Encoding   

  12  0:01  SCV  
  13  0:13  SCV  
  14  0:23  Supply Depot  
  14  0:25  SCV  
  15  0:35  Refinery  
  15  0:45  SCV  
  15  0:48  Barracks  
  16  0:57  SCV  
  17  1:09  SCV  
  18  1:19  Refinery  
  18  1:36  Marine  
  18  1:38  Factory  
  19  1:42  Orbital Command  
  19  2:12  SCV  
  20  2:21  Marine  
  21  2:24  Supply Depot  
  21  2:26  Starport  
  21  2:31  Starport  
  21  2:35  SCV  
  22  2:43  Factory Tech Lab  
  22  2:47  SCV  
  22  2:49  Factory  
  22  2:51  Barracks Reactor  
  23  2:59  SCV  
  23  3:03  Starport Tech Lab  
  24  3:07  Starport Tech Lab  
  24  3:12  Hellion  
  26  3:22  Banshee  
  29  3:33  Hellion  
  31  3:48  Supply Depot  
  31  3:56  Cloaking Field  
  31  4:09  Banshee  
  31  4:10  Hellion x2  
  31  4:11  Supply Depot  
  38  4:27  SCV  
  39  4:32  Banshee  
  39  4:33  Hellion x2  
  46  4:39  Supply Depot  
  46  4:50  Infernal Pre-Igniter  
  46  5:00  Banshee, Hellion x3  
  55  5:29  Supply Depot  
  55  5:51  Widow Mine x3  
  55  5:52  Command Center  
  61  6:02  Banshee  
  37  7:02  SCV  
  37  7:04  Orbital Command  
  38  7:09  Engineering Bay  
  38  7:10  Medivac  
  38  7:11  Medivac  
  38  7:13  Widow Mine x3  
  38  7:14  SCV  
  46  7:25  Command Center  
  46  7:26  SCV  
  47  7:34  Widow Mine  
  47  7:35  Armory  
  47  7:37  Missile Turret  
  49  7:38  SCV  
  49  7:40  Missile Turret  
  49  7:41  Terran Infantry Weapons Level 1  
  50  7:50  SCV  
  51  7:57  Missile Turret  
  51  8:01  Widow Mine x3  
  57  8:13  SCV x2, Barracks  
  57  8:14  Barracks  
  57  8:17  Barracks  
  59  8:21  Barracks Tech Lab  
  59  8:22  Widow Mine, Missile Turret  
  59  8:27  SCV x2, Missile Turret  
  63  8:39  SCV x2  
  65  8:43  Siege Tank  
  65  8:44  Widow Mine x2  
  70  8:49  Marauder  
  72  8:57  Stimpack  
  71  9:11  Widow Mine x2  
  71  9:15  Siege Tank  
  78  9:23  Barracks Reactor, Barracks Tech Lab  
  78  9:24  Barracks Tech Lab  
  78  9:28  SCV  
  78  9:29  SCV  
  80  9:40  SCV  
  80  9:41  SCV  
  82  9:52  Refinery, SCV  
  83  9:53  SCV, Terran Infantry Weapons Level 2  
  83  9:54  Refinery  
  84  10:01  Supply Depot  
  84  10:02  Supply Depot  
  84  10:04  SCV, Engineering Bay  
  85  10:11  Orbital Command  
  85  10:22  SCV x2, Medivac  
  85  10:23  Widow Mine x2  
  93  10:28  Command Center  
  93  10:34  SCV x2  
  95  10:40  Barracks, Siege Tank  
  95  10:42  Barracks  
  98  10:44  Widow Mine, Barracks  
  98  10:46  SCV  
  101  11:13  Supply Depot  
  101  11:14  Supply Depot  
  101  11:15  Supply Depot  
  101  11:17  Supply Depot  
  101  11:24  Terran Infantry Armor Level 1  
  101  11:35  Widow Mine, SCV x3, Marauder x3, Marine x3, Barracks Tech Lab  
  101  11:36  Barracks Reactor, Supply Depot  
  101  11:37  Supply Depot  
  115  11:41  Combat Shield  
  115  11:42  Concussive Shells  
  115  11:47  SCV  
  115  11:52  Marine x3  
  115  11:53  Refinery  
  119  11:56  Refinery, Marauder  
  119  11:57  Marauder x2  
  116  12:16  Marauder, Marine x2  
  116  12:17  Marine x3  
  116  12:18  Marauder x3  
  127  12:23  Drilling Claws  
  127  12:34  Marine x4  
  127  12:36  SCV x2  
  135  12:37  Marauder  
  135  12:39  Marauder  
  135  12:40  Marauder x2  
  141  12:52  Missile Turret x2  
  143  12:58  Marauder  
  143  13:14  Missile Turret  
  143  13:15  Missile Turret  
  145  13:34  Missile Turret  
  145  13:35  Missile Turret  
Show
View Real Time Build Order
Export as new Build Order

qqq Protoss - Winner!

Build Orders: Cannon Rush, Carriers 

Get SALT Encoding   

  12  0:00  Probe  
  13  0:20  Probe  
  14  0:25  Pylon  
  14  0:32  Probe  
  15  0:45  Forge  
  15  0:49  Probe  
  16  1:01  Probe  
  17  1:11  Pylon  
  17  1:13  Probe  
  17  1:14  Pylon  
  18  1:27  Pylon  
  18  1:33  Photon Cannon  
  18  1:36  Photon Cannon  
  17  1:57  Photon Cannon  
  17  2:08  Pylon  
  17  2:10  Photon Cannon  
  17  2:19  Probe  
  18  2:31  Probe  
  19  2:43  Probe  
  20  2:51  Pylon  
  20  2:55  Probe  
  21  3:03  Nexus  
  21  3:07  Gateway  
  21  3:14  Photon Cannon  
  21  3:18  Photon Cannon  
  20  3:36  Photon Cannon  
  20  3:39  Photon Cannon  
  20  3:41  Pylon  
  20  3:47  Pylon  
  20  3:48  Probe  
  20  3:53  Assimilator  
  21  3:59  Assimilator  
  21  4:01  Probe (Chrono Boost)  
  22  4:07  Pylon  
  22  4:13  Probe (Chrono Boost)  
  23  4:27  Cybernetics Core  
  23  4:31  Probe (Chrono Boost)  
  24  4:42  Probe (Chrono Boost)  
  24  4:45  Probe (Chrono Boost)  
  26  4:50  Probe (Chrono Boost)  
  28  4:53  Probe (Chrono Boost)  
  28  4:58  Probe (Chrono Boost)  
  30  5:00  Probe (Chrono Boost)  
  30  5:09  Probe  
  30  5:10  Stargate  
  31  5:18  Pylon  
  31  5:21  Probe  
  33  5:28  Stargate  
  33  5:29  Assimilator  
  33  5:30  Probe (Chrono Boost)  
  33  5:33  Probe (Chrono Boost), Pylon, Assimilator  
  34  5:42  Probe (Chrono Boost)  
  36  5:43  Probe (Chrono Boost)  
  36  5:47  Probe (Chrono Boost)  
  37  5:51  Probe  
  38  5:59  Fleet Beacon  
  38  6:20  Probe  
  38  6:21  Probe  
  40  6:33  Probe x2  
  42  6:45  Probe  
  42  6:46  Carrier (Chrono Boost)  
  49  6:53  Probe  
  50  7:05  Probe  
  61  7:08  Phoenix (Chrono Boost)  
  53  7:10  Nexus  
  53  7:13  Pylon  
  53  7:16  Pylon  
  53  7:17  Probe  
  54  7:25  Anion Pulse-Crystals, Photon Cannon  
  54  7:29  Probe, Pylon  
  57  7:31  Phoenix (Chrono Boost)  
  57  7:33  Pylon  
  57  7:41  Probe  
  56  7:47  Photon Cannon  
  56  7:49  Phoenix x2  
  60  8:08  Phoenix x2  
  60  8:13  Protoss Air Weapons Level 1 (Chrono Boost)  
  60  8:15  Probe  
  60  8:18  Photon Cannon  
  65  8:27  Probe  
  65  8:33  Phoenix  
  68  8:39  Probe  
  69  8:49  Void Ray  
  69  8:52  Void Ray  
  77  9:31  Nexus  
  77  9:32  Carrier  
  83  9:58  Void Ray  
  85  10:11  Pylon  
  85  10:15  Pylon  
  85  10:24  Nexus  
  85  10:26  Pylon  
  85  10:29  Pylon  
  85  10:34  Stargate  
  85  10:36  Phoenix  
  85  10:38  Photon Cannon  
  85  10:40  Photon Cannon  
  85  10:41  Carrier (Chrono Boost)  
  85  10:42  Shield Battery  
  93  10:44  Pylon  
  93  10:45  Probe, Photon Cannon  
  94  10:57  Probe  
  94  11:00  Photon Cannon, Protoss Air Armor Level 1 (Chrono Boost)  
  101  11:04  Photon Cannon  
  101  11:05  Photon Cannon  
  101  11:08  Carrier (Chrono Boost)  
  101  11:09  Probe  
  101  11:10  Assimilator  
  102  11:14  Assimilator  
  102  11:21  Probe  
  103  11:33  Probe  
  110  11:42  Tempest (Chrono Boost)  
  110  11:45  Probe  
  110  11:46  Carrier (Chrono Boost)  
  116  11:52  Probe  
  117  11:57  Probe  
  117  11:58  Assimilator  
  117  11:59  Void Ray  
  117  12:00  Assimilator  
  118  12:04  Probe  
  123  12:09  Probe  
  123  12:13  Photon Cannon  
  124  12:16  Probe  
  124  12:18  Carrier  
  131  12:26  Photon Cannon  
  131  12:27  Shield Battery  
  132  12:33  Probe (Chrono Boost)  
  140  12:43  Probe (Chrono Boost)  
  131  12:59  Probe  
  131  13:02  Photon Cannon  
  131  13:03  Photon Cannon  
  132  13:06  Photon Cannon  
  132  13:07  Probe  
  132  13:11  Probe  
  134  13:19  Probe  
  133  13:23  Probe  
  146  13:31  Probe  
  146  13:33  Robotics Facility  
  152  13:35  Probe  
Show
View Real Time Build Order
Export as new Build Order

Ishtar Zerg 

Build Orders: Hatch First 

Get SALT Encoding   

  12  0:00  Drone  
  13  0:12  Overlord  
  13  0:18  Drone  
  14  0:30  Drone x2  
  16  0:50  Hatchery  
  15  1:03  Spawning Pool  
  14  1:10  Drone  
  14  1:11  Extractor  
  14  1:12  Drone  
  14  1:15  Drone  
  16  1:21  Drone  
  17  1:32  Drone  
  18  1:49  Queen  
  18  1:51  Zergling x2  
  21  1:54  Zergling x2  
  22  2:02  Queen  
  22  2:03  Zergling x2  
  24  2:17  Zergling x2  
  24  2:18  Zergling x4  
  27  2:25  Roach Warren  
  27  2:27  Metabolic Boost  
  25  2:44  Zergling x4  
  25  2:45  Zergling x2  
  25  2:48  Overlord  
  27  3:06  Queen  
  27  3:12  Drone x3  
  32  3:13  Drone  
  33  3:32  Drone x3  
  33  3:34  Overlord  
  36  3:50  Lair, Spore Crawler  
  34  4:04  Drone x4  
  34  4:05  Drone x2  
  34  4:07  Extractor  
  34  4:09  Extractor  
  38  4:17  Roach x2  
  38  4:18  Extractor  
  41  4:27  Drone x2  
  43  4:39  Overlord x2  
  43  4:52  Overlord x2  
  43  5:02  Spire  
  43  5:03  Drone  
  43  5:04  Drone  
  43  5:05  Drone  
  45  5:09  Drone  
  46  5:28  Spore Crawler  
  45  5:30  Overseer  
  45  5:35  Drone x4  
  47  5:36  Drone x2  
  51  5:48  Roach x2  
  36  6:23  Mutalisk x5  
  36  6:25  Mutalisk  
  48  6:41  Queen  
  48  6:43  Mutalisk  
  49  7:02  Drone x4  
  49  7:03  Drone  
  54  7:14  Drone x3  
  57  7:26  Drone x3  
  57  7:27  Drone  
  61  7:44  Zergling x2  
  61  7:45  Zergling x12  
  61  7:47  Zergling x2  
  69  7:56  Drone x4  
  73  8:14  Overlord x2  
  73  8:15  Overlord x2  
  73  8:24  Overlord x2  
  73  8:33  Hatchery  
  63  8:44  Mutalisk x3  
  63  8:47  Corruptor  
  58  8:56  Mutalisk x2  
  58  9:06  Mutalisk x3  
  62  9:14  Mutalisk  
  64  9:17  Corruptor  
  66  9:25  Corruptor  
  66  9:29  Spore Crawler  
  67  9:32  Corruptor  
  67  9:37  Pneumatized Carapace  
  62  9:58  Corruptor  
  62  9:59  Corruptor x2  
  62  10:08  Corruptor  
  62  10:11  Drone x3  
  67  10:18  Spore Crawler  
  67  10:20  Queen  
  68  10:23  Drone x2  
  68  10:24  Drone  
  71  10:29  Zerg Flyer Weapons Level 1  
  71  10:37  Mutalisk x2  
  71  10:40  Drone x2  
  77  10:44  Drone  
  77  10:45  Drone  
  79  10:52  Zergling x2  
  79  10:53  Zergling x6  
  83  10:57  Corruptor  
  77  11:05  Overseer  
  77  11:10  Drone x2  
  77  11:11  Drone x5  
  84  11:13  Extractor  
  84  11:16  Extractor, Drone  
  84  11:17  Drone x2  
  85  11:26  Corruptor  
  85  11:27  Corruptor  
  89  11:33  Overseer  
  89  11:46  Drone x5  
  94  12:03  Zergling x8  
  94  12:04  Zergling x14  
  94  12:05  Zergling x2  
  106  12:15  Zergling x4  
  106  12:17  Overlord x4  
  105  12:31  Overlord x4  
  105  12:36  Zergling x10  
  98  12:53  Corruptor x5  
  90  13:00  Corruptor x4  
  96  13:09  Corruptor  
  96  13:10  Corruptor  
  100  13:14  Corruptor  
  102  13:25  Zergling x8  
  102  13:26  Zergling x2  
Show
View Real Time Build Order
Export as new Build Order

NastyNoob Zerg 

Build Orders: Hatch First 

Get SALT Encoding   

  12  0:00  Drone  
  13  0:12  Overlord  
  13  0:17  Drone  
  14  0:30  Drone x2  
  16  0:51  Hatchery  
  16  0:53  Drone  
  16  0:56  Drone  
  17  1:02  Drone  
  18  1:16  Spawning Pool  
  17  1:19  Extractor  
  16  1:48  Drone x3  
  19  2:04  Spine Crawler  
  16  2:13  Zergling x6  
  17  2:18  Overlord  
  17  2:35  Spine Crawler  
  17  2:37  Queen  
  16  2:51  Drone x2  
  16  2:52  Drone  
  19  3:00  Zergling x4  
  21  3:12  Drone  
  22  3:15  Drone  
  21  3:36  Drone x2  
  23  3:51  Drone x3  
  26  4:00  Extractor  
  25  4:11  Drone x2  
  25  4:12  Roach Warren  
  25  4:14  Metabolic Boost  
  25  4:17  Hatchery, Zergling x2  
  26  4:26  Queen  
  26  4:30  Zergling x2  
  29  4:43  Overlord x2  
  29  4:58  Evolution Chamber  
  29  4:59  Evolution Chamber  
  27  5:08  Drone x2  
  29  5:27  Spore Crawler  
  28  5:29  Spore Crawler  
  28  5:30  Drone  
  28  5:35  Lair  
  28  5:38  Drone  
  28  5:41  Spore Crawler  
  28  5:42  Drone  
  29  5:45  Drone  
  27  5:59  Spine Crawler  
  27  6:03  Roach  
  27  6:04  Roach  
  30  6:10  Roach  
  32  6:24  Roach x2  
  28  6:41  Drone  
  29  6:52  Roach  
  31  6:58  Drone  
  31  6:59  Drone  
  31  7:00  Drone  
  34  7:05  Drone  
  35  7:11  Zerg Missile Weapons Level 1  
  35  7:19  Drone  
  36  7:24  Drone x2  
  36  7:25  Drone  
  39  7:33  Drone  
  40  7:37  Drone x3  
  40  7:41  Drone  
  44  7:46  Overlord  
  44  7:53  Glial Reconstitution  
  44  7:55  Drone  
  44  7:57  Drone  
  46  7:59  Drone  
  46  8:01  Drone  
  48  8:11  Drone x4  
  52  8:17  Ravager x4  
  52  8:18  Ravager x2  
  58  8:21  Drone  
  58  8:23  Extractor  
  58  8:26  Extractor  
  57  8:53  Roach  
  59  8:55  Overlord x2  
  59  8:56  Overlord x2  
  47  9:07  Spore Crawler  
  47  9:08  Spore Crawler  
  39  9:12  Hydralisk Den  
  39  9:16  Drone  
  39  9:17  Drone x2  
  41  9:23  Hatchery  
  40  9:35  Zerg Missile Weapons Level 2  
  40  9:38  Zerg Ground Armor Level 1  
  40  9:44  Drone x3  
  43  9:52  Hydralisk x3  
  43  9:55  Hydralisk  
  51  10:01  Drone  
  51  10:02  Hydralisk  
  54  10:15  Hydralisk x3  
  60  10:26  Hydralisk x2  
  64  10:32  Overlord x2  
  64  10:37  Drone x2  
  64  10:38  Drone x3  
  69  10:42  Grooved Spines  
  69  10:47  Hydralisk  
  71  10:56  Drone x4  
  76  10:57  Drone  
  76  10:58  Drone  
  77  11:05  Hydralisk x2  
  77  11:11  Overseer x2  
  81  11:15  Drone x3  
  84  11:20  Queen  
  84  11:25  Hydralisk  
  88  11:33  Extractor  
  88  11:34  Extractor  
  88  11:39  Queen  
  88  11:42  Queen  
  90  11:54  Muscular Augments  
  90  11:55  Overlord x2  
  90  11:56  Overlord  
  90  11:57  Pneumatized Carapace, Hydralisk x3  
  92  12:14  Hydralisk x3  
  92  12:15  Hydralisk x3  
  100  12:17  Roach  
  106  12:26  Hydralisk  
  106  12:27  Hydralisk x2  
  106  12:29  Overlord  
  110  12:47  Hydralisk  
  110  12:48  Hydralisk x6  
  94  13:06  Hydralisk x3  
  100  13:13  Drone  
  85  13:21  Hydralisk x2  
  85  13:22  Hydralisk x3  
  85  13:25  Hydralisk  
Tags
 
Add a new tag
Caveats
  • Supply blocks, unpowered buildings, or Contaminate may cause inaccurate times.
  • Supply counts are checked every 10 seconds.